 Dungeon Crawl Stone Soup version 0.30-a0-165-g1891117ce2 (webtiles) character file.

Game seed: 16151403241269397000

295 qw the Chopper (level 6, -2/38 HPs)
             Began as a Gargoyle Fighter on Sept 28, 2022.
             Slain by a gnoll
             ... wielding a +0 halberd
              (3 damage)
             ... on level 3 of the Dungeon.
             The game lasted 00:00:43 (2702 turns).

qw the Chopper (Gargoyle Fighter)                   Turns: 2702, Time: 00:00:44

Health: -2/38      AC: 12    Str: 21 (22) XL:     6   Next: 34%
Magic:  6/6        EV:  9    Int:  6 (8)  God:
Gold:   132        SH:  4    Dex:  8 (9)  Spells: 5/5 levels left

rFire   . . .      SeeInvis .    Y - +1 war axe
rCold   . . .      Faith    .    c - +0 buckler
rNeg    + . .      Spirit   .    b - +0 scale mail
rPois   inf        Reflect  .    i - +0 helmet
rElec   +          Harm     .    (no cloak)
rCorr   .          Rampage  .    (no gloves)
Will    .....                    (no boots)
Stlth   ..........               (no amulet)
HPRegen 0.12/turn                (no ring)
MPRegen 0.10/turn                (no ring)

@: no status effects
A: sickness immunity, AC +4, negative energy resistance 1, electricity
resistance, torment resistance 1, petrification resistance
a: no special abilities


You were on level 3 of the Dungeon.
You visited 1 branch of the dungeon, and saw 3 of its levels.

You collected 132 gold pieces.


Innate Abilities, Weirdness & Mutations

You are immune to sickness and miasma.
Your stone body is resilient. (AC +4)
You are immune to poison.
You resist negative energy. (rN+)
You are resistant to electric shocks. (rElec)
You are resistant to unholy torment.
You are immune to petrification.


   Skills:
 + Level 3.7 Fighting
 - Level 5.5 Axes
 - Level 1.0 Throwing
 - Level 3.2 Armour
 - Level 3.2 Shields


You had 5 spell levels left.
You didn't know any spells.
Your spell library was empty.

Inventory:

Hand Weapons
 a - a +0 whip
 Y - a +1 war axe (weapon)
Missiles
 g - a javelin (quivered)
 o - 2 boomerangs
Armour
 b - a +0 scale mail (worn)
 c - a +0 buckler (worn)
 i - a +0 helmet (worn)
Jewellery
 e - a ring of fire
Potions
 d - a potion of might
 l - a potion of ambrosia {unknown}
 m - a potion of invisibility {unknown}
 n - a potion of attraction

Dungeon Overview and Level Annotations

Branches:
Dungeon (3/15)

Altars:

Annotations:
D:2 1 runed translucent door, Crazy Yiuf


Message History

You hit the gnoll. The gnoll hits you but does no damage.
You block the gnoll's attack. The gnoll closely misses you.
The gnoll barely misses you.
You hit the gnoll.
The gnoll is almost dead.
You hit the gnoll. You block the gnoll's attack.
The gnoll hits you but does no damage. The gnoll hits you with a +0 flail.
The gnoll hits you but does no damage.
You closely miss the gnoll.
The gnoll is almost dead.
You hit the gnoll. The gnoll hits you with a +0 flail.
The gnoll hits you from afar with a +0 halberd.
The gnoll hits you but does no damage.
The gnoll hits you from afar with a +0 trident.
The gnoll hits you with a +0 club. The gnoll hits you but does no damage.
The gnoll hits you from afar with a +0 halberd!
The gnoll hits you from afar with a +0 trident.
2697 ||| READING scroll of teleportation.
As you read the scroll of teleportation, it crumbles to dust.
You feel strangely unstable. The gnoll hits you but does no damage.
The gnoll completely misses you. The gnoll hits you but does no damage.
You block the gnoll's attack.
You hit the gnoll.
You kill the gnoll!
You barely miss the gnoll. The gnoll closely misses you.
The gnoll barely misses you. The gnoll hits you but does no damage.
You slash the gnoll!
You kill the gnoll!
Your surroundings seem slightly different.
You slash the gnoll!
The gnoll is heavily wounded.
The gnoll hits you from afar with a +0 trident.
The gnoll closely misses you.
You hit the gnoll.
The gnoll is almost dead.
The gnoll barely misses you. The gnoll hits you but does no damage.
The gnoll hits you with a +0 halberd.
You die...

####### #.....# #.....##
#....... ###))...##
############..).g...#
..........##.#......#
#########.##.##.@g#.###.
#########.##.###........
..........)....>........
#########.##.###........
%............# #........
#########.#### #........
# #.# #.......# #######
#.# #.......# ......#
#.# ##.######


You could see 2 gnolls.

Vanquished Creatures
  Sigmund (D:2)
  Jessica (D:2)
  An adder (D:2)
  2 gnolls (D:3)
  A worm (D:2)
  3 dart slugs
  An orc (D:3)
  2 ball pythons
  8 bats
  5 endoplasms
  2 giant cockroaches (D:1)
  7 goblins
  8 hobgoblins
  4 quokkas
  A frilled lizard (D:3)
  7 kobolds
  3 rats
57 creatures vanquished.

Notes
Turn   | Place    | Note
-------+----------+-------------------------------------------
     0 | D:1      | qw the Gargoyle Fighter began the quest for the Orb.
     0 | D:1      | Reached XP level 1. HP: 14/14 MP: 1/1
     0 | D:1      | 0 ||| qw: Version: 0.2-a-12-gaebbb33
     0 | D:1      | 0 ||| qw: Game counter: 854
     0 | D:1      | 0 ||| qw: Always use a shield: true
     0 | D:1      | 0 ||| qw: God list: Okawaru
     0 | D:1      | 0 ||| qw: Allow faded altars: false
     0 | D:1      | 0 ||| qw: Do Orc after D:15 true
     0 | D:1      | 0 ||| qw: Do second Lair branch before Depths: true
     0 | D:1      | 0 ||| qw: Lair rune preference: random
     0 | D:1      | 0 ||| qw: Plans: Normal, Zot:1-4, God:TSO, Crypt, Tomb,
                  | Pan, Slime:5, Hells, Abyss, Orb
     0 | D:1      | 0 ||| PLANNING D:1-11
    75 | D:1      | Reached skill level 2 in Axes
    91 | D:1      | Reached XP level 2. HP: 19/19 MP: 2/2
   349 | D:1      | Reached skill level 3 in Axes
   408 | D:1      | Reached XP level 3. HP: 19/23 MP: 3/3
   757 | D:1      | Reached skill level 1 in Throwing
   994 | D:1      | 994 ||| UPGRADING to +0 helmet.
   999 | D:1      | 999 ||| READING scroll labelled MEXZYD XIOL.
  1000 | D:1      | 1000 ||| READING scroll labelled RILEJU OMYNA.
  1001 | D:1      | 1001 ||| READING scroll labelled GUROEMA NO NURGHUF.
  1002 | D:1      | 1002 ||| READING scroll labelled SUBRETAXOSM.
  1003 | D:1      | 1003 ||| READING scroll labelled ISTEC GINEPLA.
  1004 | D:1      | 1004 ||| READING scroll labelled BINISE TUGUXU.
  1042 | D:2      | 1042 ||| DROPPING +0 club.
  1318 | D:2      | 1318 ||| Stepping ~*~*~tactically~*~*~ (hiding).
  1392 | D:2      | 1392 ||| Stepping ~*~*~tactically~*~*~ (hiding).
  1494 | D:2      | 1494 ||| Stepping ~*~*~tactically~*~*~ (stealth).
  1579 | D:2      | 1579 ||| Stepping ~*~*~tactically~*~*~ (stealth).
  1580 | D:2      | Noticed Jessica
  1581 | D:2      | 1581 ||| Stepping ~*~*~tactically~*~*~ (hiding).
  1602 | D:2      | Reached XP level 4. HP: 23/28 MP: 4/4
  1602 | D:2      | Killed Jessica
  1603 | D:2      | Reached skill level 4 in Axes
  1681 | D:2      | Noticed Sigmund
  1682 | D:2      | 1682 ||| Stepping ~*~*~tactically~*~*~ (hiding).
  1690 | D:2      | Killed Sigmund
  1691 | D:2      | Reached skill level 5 in Axes
  1691 | D:2      | Reached XP level 5. HP: 24/32 MP: 5/5
  1691 | D:2      | Reached XP level 6. HP: 27/37 MP: 6/6
  1977 | D:2      | Found a runed translucent door.
  1978 | D:2      | Noticed Crazy Yiuf
  2080 | D:2      | 2080 ||| Stepping ~*~*~tactically~*~*~ (hiding).
  2335 | D:2      | 2335 ||| READING scroll labelled MECEZO LECIDD.
  2398 | D:2      | 2398 ||| READING scroll labelled WIN NOEDUAMOA.
  2499 | D:2      | 2499 ||| READING scroll labelled AWETZIRRIQ.
  2500 | D:2      | 2500 ||| DRINKING 2 cyan potions.
  2501 | D:2      | 2501 ||| DRINKING 2 fizzy yellow potions.
  2502 | D:2      | 2502 ||| DROPPING potion of degeneration.
  2567 | D:3      | 2567 ||| PLANNING SEWER
  2689 | D:3      | 2689 ||| Stepping ~*~*~tactically~*~*~ (stealth).
  2696 | D:3      | HP: 7/37 [gnoll/+0 halberd (7)]
  2696 | D:3      | HP: 2/37 [gnoll/+0 trident (5)]
  2697 | D:3      | 2697 ||| READING scroll of teleportation.
  2701 | D:3      | HP: 1/38 [gnoll/+0 trident (2)]
  2702 | D:3      | Slain by a gnoll

Levels and vault maps discovered:
D:1:      kilobyte_arrival_exit_the_forest, layout_loops_ring
D:2:      layout_loops_ring, serial_glass, glass_columns_c, glass_columns_a,
          glass_columns_b, hangedman_decor_push, uniq_sigmund,
          uniq_crazy_yiuf_cottage, uniq_jessica
D:3:      layout_loops_ring, portal_sewer_entry_f,
          hellmonk_ecumenical_altar_watching_god, serial_rivers,
          chequers_serial_rivers_micro_c, chequers_serial_rivers_large_a,
          chequers_serial_rivers_micro_a, chequers_serial_rivers_micro_a

Skill      XL: |  1  2  3  4 |
---------------+-------------+-----
Axes           | 2 3 5 |  5.5
Throwing       | 1 |  1.0
Fighting       | |  3.7
Armour         | |  3.2
Shields        | |  3.2

Action                   |  1- 3 |  4- 6 || total
-------------------------+-------+-------++-------
Melee: War axe           |    85 |    32 ||   117
Throw: Javelin           |    34 |     5 ||    39
       Boomerang         |       |     1 ||     1
  Use: Scroll            |     6 |     4 ||    10
       Potion            |       |     2 ||     2
Armor: Scale mail        |    57 |    21 ||    78
Dodge: Dodged            |    39 |    11 ||    50
Block: Buckler           |    13 |     3 ||    16

Table legend:
 A = Non-vault XP
 B = Vault XP
 C = Vault XP percentage of total XP
 D = Non-vault monster count
 E = Vault monster count
 F = Vault count percentage of total count
                 A         B        C        D         E       F
            +---------+---------+-------+---------+---------+-------
      Total |     146 |     276 |  65.4 |      55 |       2 |   3.5
            +---------+---------+-------+---------+---------+-------
        D:1 |      48 |       0 |   0.0 |      24 |       0 |   0.0
        D:2 |      57 |     276 |  82.9 |      22 |       2 |   8.3
        D:3 |      41 |       0 |   0.0 |       9 |       0 |   0.0
            +---------+---------+-------+---------+---------+-------
